[Event "2026 Biel Blitz Open"]
[Site "Biel, CH"]
[Date "2026.07.19"]
[Round "12"]
[White "Shukhman, Anna"]
[Black "Safarli, Eltaj"]
[Result "1/2-1/2"]
[Board "2"]
[TimeControl "180+2"]
[WhiteFideId "54180058"]
[BlackFideId "13402129"]
[WhiteElo "2392"]
[BlackElo "2619"]
[WhiteTitle "WGM"]
[BlackTitle "GM"]
[WhiteClock "0:00:12"]
[BlackClock "0:00:15"]
[Variant "Standard"]
[EndDate "2026.07.19"]
[EndTime "16:02:20"]

1. e4 c5 2. Nf3 e6 3. d4 cxd4 4. Nxd4 Nc6 5. Nc3 Bc5 6. Nb3 Bb6 7. Qg4 Nf6 8. Qg3 O-O 9. Bg5 Qc7 10. Bf4 Qd8 11. Bg5 Qc7 12. Bf4 Qd8 13. Bd6 Re8 14. O-O-O a5 15. e5 Nh5 16. Qg4 g6 17. Ne4 a4 18. Nbd2 a3 19. b3 f5 20. exf6 Nxf6 21. Qf3 Bd4 22. c3 Nxe4 23. Nxe4 Bg7 24. h4 Qa5 25. h5 Qf5 26. hxg6 hxg6 27. Qe3 Ne5 28. f3 Nf7 29. g4 Qa5 30. Bb4 Qc7 31. g5 d5 32. Nf6+ Bxf6 33. gxf6 Qe5 34. Qxe5 Nxe5 35. f4 Ng4 36. Bd3 Kf7 37. Rh7+ Kxf6 38. Rg1 e5 39. fxe5+ Nxe5 40. Rf1+ Bf5 41. Bxf5 gxf5 42. Rh6+ Kg5 43. Rb6 Nd3+ 44. Kd2 Nxb4 45. Rxb4 Re7 46. Rd4 Rae8 47. Rf2 Re5 48. Rg2+ Kf6 49. Rf2 Ke6 50. Rb4 Re7 51. Rb6+ Kf7 52. Rh2 Kg7 53. Rg2+ Kf7 54. Rh2 f4 55. Rh7+ Ke8 56. Rh8+ Kf7 57. Rh7+ Kg8 58. Rxe7 Rxe7 59. Rf6 Rf7 60. Rg6+ Rg7 61. Rf6 Rg2+ 62. Kd3 Rxa2 63. Rxf4 Ra1 64. Kc2 Ra2+ 65. Kd3 b5 66. Rg4+ Kf7 67. Rf4+ Ke6 68. Rf8 Rb2 69. b4 Ra2 70. Ra8 Ra1 71. Kc2 Ke5 72. Ra7 Ke4 73. Re7+ Kf5 74. Ra7 Ke5 75. Re7+ Kf4 76. Ra7 Ke4 77. Re7+ Kf5 78. Ra7 Ke5 79. Re7+ Kd6 80. Ra7 Kc6 81. Kb3 Rb1+ 82. Kc2 Rb2+ 83. Kc1 Rb3 84. Kc2 Rb2+ 85. Kc1 Rh2 86. Rxa3 d4 87. cxd4 Kd5 88. Rg3 Kxd4 89. Kb1 Kc4 90. Rf3 Kxb4 91. Rf1 Ka4 92. Ka1 b4 93. Re1 Ka3 94. Rf1 b3 95. Re1 Rc2 96. Rf1 Rc1+ 97. Rxc1 b2+ 98. Kb1 bxc1=R+ 99. Kxc1 1/2-1/2

[Event "2026 Biel Blitz Open"]
[Site "Biel, CH"]
[Date "2026.07.19"]
[Round "12"]
[White "Ling, Chenxuan"]
[Black "Ghosh, Diptayan"]
[Result "0-1"]
[Board "3"]
[TimeControl "180+2"]
[WhiteFideId "30983118"]
[BlackFideId "5045207"]
[WhiteElo "2235"]
[BlackElo "2530"]
[WhiteTitle "CM"]
[BlackTitle "GM"]
[WhiteClock "0:00:28"]
[BlackClock "0:00:23"]
[Variant "Standard"]
[EndDate "2026.07.19"]
[EndTime "16:01:59"]

1. d4 Nf6 2. c4 e6 3. Nc3 Bb4 4. Qc2 d6 5. e4 c5 6. e5 cxd4 7. exf6 dxc3 8. bxc3 Qxf6 9. Bd2 Bc5 10. Nf3 h6 11. Bd3 Nc6 12. O-O O-O 13. Rfe1 b6 14. Be4 Bb7 15. Rad1 Rac8 16. h3 Rc7 17. Re2 Rfc8 18. g4 Ne5 19. Nxe5 dxe5 20. Rde1 Bxe4 21. Qxe4 Rd7 22. Kg2 Rcd8 23. Be3 Bxe3 24. Rxe3 Rc7 25. Rf3 Qe7 26. Qxe5 Rxc4 27. Re4 Rxe4 28. Qxe4 Qc7 29. h4 Rd5 30. Rd3 Rxd3 31. Qxd3 g6 32. f3 Qc5 33. Qd2 Kg7 34. Qd3 b5 35. Kg3 a5 36. Kg2 Qd5 37. Qe2 Kf6 38. Kg3 Qe5+ 39. Qxe5+ Kxe5 40. Kf2 Kf4 0-1

[Event "2026 Biel Blitz Open"]
[Site "Biel, CH"]
[Date "2026.07.19"]
[Round "12"]
[White "Gloeckler, Christian"]
[Black "Thorfinnsson, Bjorn"]
[Result "1-0"]
[Board "4"]
[TimeControl "180+2"]
[WhiteFideId "34608966"]
[BlackFideId "2300982"]
[WhiteElo "2513"]
[BlackElo "2396"]
[WhiteTitle "IM"]
[BlackTitle "IM"]
[WhiteClock "0:00:57"]
[BlackClock "0:00:08"]
[Variant "Standard"]
[EndDate "2026.07.19"]
[EndTime "15:57:18"]

1. e4 e5 2. Nf3 Nc6 3. Bb5 Nge7 4. O-O d6 5. c3 Bd7 6. d4 Ng6 7. Be3 Be7 8. a4 O-O 9. d5 Nb8 10. Bxd7 Nxd7 11. a5 a6 12. b4 f5 13. exf5 Rxf5 14. c4 Nf6 15. Ng5 Qd7 16. Ne6 Nf8 17. g4 Rf4 18. Bxf4 exf4 19. Re1 Nxe6 20. Rxe6 c6 21. Qf3 cxd5 22. cxd5 Rc8 23. Nd2 Rc2 24. Qd3 Rb2 25. Rae1 Bf8 26. g5 Ng4 27. Nc4 Rxb4 28. h3 Ne5 29. Nxe5 dxe5 30. R6xe5 Ra4 31. d6 Rb4 32. Qd5+ Qf7 33. d7 1-0

[Event "2026 Biel Blitz Open"]
[Site "Biel, CH"]
[Date "2026.07.19"]
[Round "12"]
[White "Gautier, Anand"]
[Black "Aronyak Ghosh"]
[Result "0-1"]
[Board "5"]
[TimeControl "180+2"]
[WhiteFideId "26010186"]
[BlackFideId "25072846"]
[WhiteElo "2198"]
[BlackElo "2488"]
[WhiteTitle "FM"]
[BlackTitle "IM"]
[WhiteClock "0:00:09"]
[BlackClock "0:00:11"]
[Variant "Standard"]
[EndDate "2026.07.19"]
[EndTime "16:00:13"]

1. e4 c6 2. d4 d5 3. Nc3 dxe4 4. Nxe4 Nf6 5. Nxf6+ exf6 6. c3 a5 7. Bd3 g6 8. Ne2 Bg7 9. O-O O-O 10. a4 Na6 11. Be3 Nc7 12. f3 Nd5 13. Bf2 Bh6 14. Re1 Re8 15. Ng3 Be6 16. Qc2 f5 17. Bf1 Qc7 18. c4 Nb4 19. Qc3 Rad8 20. Rad1 Bg7 21. Qc1 Re7 22. b3 Red7 23. d5 cxd5 24. cxd5 Qxc1 25. Rxc1 Bxd5 26. Bb6 Ra8 27. Bb5 Bc6 28. Red1 Bxb5 29. axb5 Nd5 30. Bf2 Rad8 31. h4 Bf6 32. h5 Kg7 33. hxg6 fxg6 34. Rd3 Kf7 35. Kf1 Nb4 36. Rxd7+ Rxd7 37. Bb6 Nd3 38. Rd1 Bc3 39. Ne2 Bb4 40. Nf4 Ne5 41. Rc1 g5 42. Nh3 h6 43. f4 Nd3 44. Rd1 g4 45. Nf2 Nc5 46. Rc1 Nxb3 47. Rc8 Nd2+ 48. Ke2 Ne4 49. Nxe4 Re7 50. g3 Rxe4+ 51. Kd3 Re6 52. Bd4 Be1 53. Ra8 Bxg3 54. Rxa5 Bxf4 55. b6 Kg6 56. Ra7 Re7 57. Ra8 g3 58. Rg8+ Kh5 59. Bc5 Rd7+ 60. Ke2 Bg5 61. Kf3 Rd3+ 62. Kg2 Kg4 63. Be7 Rd2+ 64. Kf1 Kf3 0-1

[Event "2026 Biel Blitz Open"]
[Site "Biel, CH"]
[Date "2026.07.19"]
[Round "12"]
[White "Alexakis, Dimitris"]
[Black "Arjun Kalyan"]
[Result "0-1"]
[Board "6"]
[TimeControl "180+2"]
[WhiteFideId "4277023"]
[BlackFideId "35018701"]
[WhiteElo "2459"]
[BlackElo "2451"]
[WhiteTitle "GM"]
[BlackTitle "GM"]
[WhiteClock "0:00:02"]
[BlackClock "0:00:42"]
[Variant "Standard"]
[EndDate "2026.07.19"]
[EndTime "15:58:23"]

1. e4 e5 2. Nf3 Nc6 3. Bb5 a6 4. Ba4 Nf6 5. Bxc6 dxc6 6. d3 Bd6 7. Nbd2 Be6 8. b3 Nd7 9. Bb2 c5 10. Nf1 Qe7 11. Ne3 g6 12. Qe2 b5 13. h4 h6 14. h5 g5 15. Nh2 Nf6 16. Nhf1 c4 17. dxc4 Nxe4 18. O-O-O O-O 19. Nd5 Bxd5 20. cxd5 f5 21. Ne3 Qh7 22. g4 f4 23. Nf5 Rxf5 24. Qxe4 Rf7 25. Rhe1 Qxe4 26. Rxe4 f3 27. Bxe5 Re8 28. Rde1 Rfe7 29. Bxd6 Rxe4 30. Rxe4 Rxe4 31. Bxc7 Kf7 32. Bg3 Rxg4 33. Kd2 Re4 34. Kd3 Re2 35. c4 bxc4+ 36. bxc4 Rxa2 37. c5 Ra1 38. c6 Rc1 39. Ke4 a5 40. Kxf3 a4 41. Bd6 a3 42. Be5 a2 43. c7 Rxc7 44. Ke4 Rc1 0-1

[Event "2026 Biel Blitz Open"]
[Site "Biel, CH"]
[Date "2026.07.19"]
[Round "12"]
[White "Savitha Shri B"]
[Black "Mohammad Nubairshah Shaikh"]
[Result "1-0"]
[Board "7"]
[TimeControl "180+2"]
[WhiteFideId "35061887"]
[BlackFideId "5053196"]
[WhiteElo "2161"]
[BlackElo "2316"]
[WhiteTitle "IM"]
[BlackTitle "IM"]
[WhiteClock "0:01:10"]
[BlackClock "0:00:10"]
[Variant "Standard"]
[EndDate "2026.07.19"]
[EndTime "15:56:37"]

1. e4 c6 2. d4 d5 3. e5 Bf5 4. Nf3 e6 5. Be2 Ne7 6. c3 h6 7. O-O Bh7 8. a4 a5 9. Na3 Nd7 10. Nc2 Ng6 11. Bd3 Be7 12. Ne3 O-O 13. Ng4 c5 14. Re1 Rc8 15. Bd2 Qb6 16. Rb1 cxd4 17. cxd4 Nb8 18. h4 Nxh4 19. Bxh7+ Kxh7 20. Nxh4 Bxh4 21. Be3 h5 22. Nf6+ Bxf6 23. Qxh5+ Kg8 24. exf6 Nd7 25. fxg7 Kxg7 26. Bh6+ Kg8 27. Qg5+ 1-0

[Event "2026 Biel Blitz Open"]
[Site "Biel, CH"]
[Date "2026.07.19"]
[Round "12"]
[White "Elmi, Saad Abobaker"]
[Black "Rappazzo, Johannes"]
[Result "0-1"]
[Board "8"]
[TimeControl "180+2"]
[WhiteFideId "1553259"]
[BlackFideId "1340069"]
[WhiteElo "2409"]
[BlackElo "2032"]
[WhiteTitle "IM"]
[BlackTitle "FM"]
[WhiteClock "0:00:04"]
[BlackClock "0:00:11"]
[Variant "Standard"]
[EndDate "2026.07.19"]
[EndTime "15:58:34"]

1. c4 Nf6 2. Nc3 e5 3. g3 d5 4. cxd5 Nxd5 5. Bg2 Nb6 6. d3 Be7 7. Nf3 Nc6 8. O-O O-O 9. Be3 Re8 10. Rc1 Bf8 11. a3 Nd4 12. Nd2 c6 13. Nce4 Bg4 14. Bxd4 exd4 15. Re1 h6 16. Bf3 Bxf3 17. Nxf3 Qd5 18. b4 a5 19. Nc5 axb4 20. axb4 Bxc5 21. Rxc5 Qd6 22. Qb3 Nd7 23. Rc2 Ne5 24. Nd2 Rad8 25. b5 Qg6 26. Rec1 Qh5 27. Nf1 cxb5 28. Rb2 Nc6 29. Qxb5 Qxb5 30. Rxb5 Rxe2 31. Rxb7 Ne5 32. Rcc7 Ra8 33. Re7 Raa2 34. Rb8+ Kh7 35. Rbe8 Nf3+ 36. Kg2 Rxf2+ 37. Kh3 Ng5+ 38. Kg4 f5+ 39. Kh5 Rxh2+ 40. Nxh2 Rxh2# 0-1

[Event "2026 Biel Blitz Open"]
[Site "Biel, CH"]
[Date "2026.07.19"]
[Round "12"]
[White "Cao, Qingfeng"]
[Black "Haimovich, Tal"]
[Result "1-0"]
[Board "9"]
[TimeControl "180+2"]
[WhiteFideId "8627568"]
[BlackFideId "2801698"]
[WhiteElo "2264"]
[BlackElo "2347"]
[WhiteTitle "IM"]
[BlackTitle "IM"]
[WhiteClock "0:01:09"]
[BlackClock "0:00:06"]
[Variant "Standard"]
[EndDate "2026.07.19"]
[EndTime "15:58:45"]

1. d4 d5 2. c4 e6 3. Nf3 Nf6 4. g3 Be7 5. Bg2 O-O 6. O-O Nbd7 7. Qc2 c6 8. Nbd2 b6 9. e4 Bb7 10. Re1 Rc8 11. e5 Ne8 12. cxd5 cxd5 13. Qb3 Nc7 14. Nf1 b5 15. h4 Nb6 16. Bg5 Nc4 17. Rac1 h6 18. Bxe7 Qxe7 19. Re2 a5 20. Rec2 b4 21. Ne3 Nxe3 22. fxe3 Qd7 23. a3 Na6 24. axb4 Nxb4 25. Rc5 Rxc5 26. Rxc5 Ra8 27. Bf1 Bc6 28. Qa3 Qd8 29. Ne1 Qb6 30. Nd3 Nxd3 31. Bxd3 a4 32. Qc3 Bd7 33. Rc7 Be8 34. Bc2 Rb8 35. Rc8 Rxc8 36. Qxc8 Qc6 37. Qxc6 Bxc6 38. Kf2 Kf8 39. Ke1 f6 40. Kd2 fxe5 41. dxe5 Ke7 42. Kc3 g5 43. hxg5 hxg5 44. Kb4 Be8 45. Bxa4 Bg6 46. Kc5 Be4 47. b4 Bd3 48. b5 Kd7 49. b6+ Kc8 50. Bc6 Bf5 51. Kd6 Kb8 52. Bd7 Kb7 53. Bxe6 Bd3 54. Bxd5+ Kxb6 55. e6 Bg6 56. Bc6 1-0

[Event "2026 Biel Blitz Open"]
[Site "Biel, CH"]
[Date "2026.07.19"]
[Round "12"]
[White "Fogo Esquivel, Levi Kalani Alexander"]
[Black "Dong, Hongfu"]
[Result "0-1"]
[Board "10"]
[TimeControl "180+2"]
[WhiteFideId "5183189"]
[BlackFideId "8626960"]
[WhiteElo "2219"]
[BlackElo "2290"]
[WhiteTitle "FM"]
[WhiteClock "0:00:04"]
[BlackClock "0:00:10"]
[Variant "Standard"]
[EndDate "2026.07.19"]
[EndTime "15:58:44"]

1. e4 c5 2. Nf3 d6 3. c3 Nf6 4. Be2 g6 5. O-O Bg7 6. Bb5+ Bd7 7. Bxd7+ Qxd7 8. Re1 Nc6 9. d4 cxd4 10. cxd4 d5 11. e5 Ne4 12. Nc3 Nxc3 13. bxc3 O-O 14. Qe2 Nd8 15. Rb1 Rc8 16. Bd2 a6 17. Rb2 Rc4 18. Reb1 b5 19. Rb4 Nc6 20. Rxc4 dxc4 21. Rd1 Qd5 22. Bc1 a5 23. a3 Rc8 24. Nd2 Nd8 25. Qe4 e6 26. Qc2 Nc6 27. Ne4 Rd8 28. Nd6 Bf8 29. Bg5 Rxd6 30. exd6 Qxg5 31. d7 Qd5 32. Rb1 Qxd7 33. Qb2 b4 34. axb4 axb4 35. cxb4 Bxb4 36. Rd1 c3 37. Qb3 Qd5 38. Qa4 Nxd4 39. h3 c2 40. Rf1 Qc4 41. Kh2 Bd6+ 0-1

[Event "2026 Biel Blitz Open"]
[Site "Biel, CH"]
[Date "2026.07.19"]
[Round "12"]
[White "Kukushkin, Ivan"]
[Black "Erne, Raphael"]
[Result "1/2-1/2"]
[Board "11"]
[TimeControl "180+2"]
[WhiteFideId "11634103"]
[BlackFideId "1341928"]
[WhiteElo "2265"]
[BlackElo "2128"]
[WhiteTitle "FM"]
[WhiteClock "0:00:11"]
[BlackClock "0:00:04"]
[Variant "Standard"]
[EndDate "2026.07.19"]
[EndTime "16:07:15"]

1. e4 c6 2. Nf3 d5 3. exd5 cxd5 4. Ne5 Nc6 5. Bb5 Bd7 6. Nxd7 Qxd7 7. d4 Nf6 8. c3 e6 9. O-O Bd6 10. Re1 O-O 11. Nd2 a6 12. Bd3 e5 13. dxe5 Nxe5 14. Nf3 Rfe8 15. Be3 Nc4 16. Bxc4 dxc4 17. Bd4 Rxe1+ 18. Qxe1 Re8 19. Qf1 Nd5 20. Qxc4 Nf4 21. Be3 b5 22. Qf1 Nd5 23. Bd2 Qg4 24. Re1 Rd8 25. h3 Qg6 26. Qe2 h6 27. Nd4 Nb6 28. Qf3 Nc4 29. Bc1 Bc5 30. Nc6 Rc8 31. Ne7+ Bxe7 32. Rxe7 Rd8 33. Re1 Qd6 34. b3 Ne5 35. Qg3 Ng6 36. Qe3 Rc8 37. Bb2 Qc6 38. Qd4 Qc7 39. c4 f6 40. cxb5 axb5 41. Qd5+ Kh7 42. Qxb5 Rd8 43. Qe2 Qa5 44. a3 Rd2 45. Qe3 Rxb2 46. b4 Qb5 47. Qe4 Rb3 48. Ra1 Qa4 49. h4 h5 50. Qf5 Rxa3 51. Qxh5+ Kg8 52. Rxa3 Qxa3 53. Qxg6 Qxb4 54. Qe8+ Kh7 55. h5 Qb1+ 56. Kh2 Qf5 57. f3 Qf4+ 58. Kh3 Qf5+ 59. Kg3 Qg5+ 60. Kf2 Qd2+ 61. Qe2 Qd4+ 62. Qe3 Qh4+ 63. g3 Qxh5 64. Qe4+ Qg6 65. Qh4+ Qh6 66. Qg4 Qg6 67. Qf4 Qc2+ 68. Kg1 Qb1+ 69. Kh2 Qc2+ 70. Kh3 Qg6 71. Qd6 Qf5+ 72. Kg2 Qc2+ 73. Kf1 Qc1+ 74. Ke2 Qc2+ 75. Ke3 Qf5 76. g4 Qg5+ 77. Kf2 Qh4+ 78. Kg2 Qg5 79. Qd3+ Qg6 80. Qc3 Qg5 81. Qc2+ Qg6 82. Qc5 Qd3 83. Kg3 Qg6 84. Qd5 Qh6 85. f4 Qg6 86. g5 fxg5 87. fxg5 Qh5 88. Qe4+ Qg6 89. Qd5 Qc2 90. Qf3 Qc7+ 91. Kg4 Qc4+ 92. Kh3 Qc8+ 93. Kg2 Qc2+ 94. Kg3 Qc7+ 95. Kg4 Qd7+ 96. Kh4 Qd4+ 97. Kh3 Qd7+ 98. Kh2 Qd2+ 99. Kh3 Qxg5 100. Qe4+ Kh6 101. Qe6+ Qg6 102. Qe3+ Kh7 103. Qf3 Qe6+ 104. Kg2 Kg6 105. Qg3+ Kf6 106. Qf4+ Qf5 107. Qd6+ Kg5 108. Qe7+ Qf6 109. Qe3+ Kg6 110. Qe4+ Qf5 111. Qc6+ Kg5 112. Qe8 Kf4 113. Qb8+ Qe5 114. Qf8+ Kg5 115. Qd8+ Qf6 116. Qd5+ Kg6 117. Qe4+ Qf5 118. Qe8+ Kg5 119. Qe7+ Qf6 120. Qe3+ Kh5 121. Qh3+ Kg6 122. Qd3+ Kh6 123. Qh3+ Kg6 124. Qd3+ Qf5 125. Qd6+ Kh5 126. Qh2+ Kg5 127. Qh8 g6 128. Qd8+ Kf4 129. Qc7+ Kg4 130. Qc4+ Qf4 131. Qe6+ Kg5 132. Qe7+ Qf6 133. Qc5+ Kh6 134. Qc8 Qg5+ 135. Kh3 Qe3+ 136. Kg2 Qe4+ 137. Kh2 Kg5 138. Qd8+ Kf5 139. Qf8+ Kg4 140. Qc8+ Qf5 141. Qd8 Qf2+ 142. Kh1 Qf3+ 143. Kg1 Qe3+ 144. Kh1 Qe1+ 145. Kg2 Qe2+ 146. Kg1 Qe3+ 147. Kh1 Qf3+ 148. Kg1 g5 149. Qd7+ Kh4 150. Qh7+ Kg4 151. Qd7+ Qf5 152. Qd4+ Qf4 153. Qd7+ Kg3 154. Qd3+ Qf3 155. Qd6+ Kg4 156. Qd7+ Kh4 157. Qh7+ Kg3 158. Qh2+ Kg4 159. Qb2 Qe3+ 160. Kg2 Qg3+ 161. Kh1 Kh3 162. Qe2 Kh4 163. Qh5+ 1/2-1/2

[Event "2026 Biel Blitz Open"]
[Site "Biel, CH"]
[Date "2026.07.19"]
[Round "12"]
[White "Ashwath Kaushik"]
[Black "Schweizer, Simon"]
[Result "1-0"]
[Board "12"]
[TimeControl "180+2"]
[WhiteFideId "33387230"]
[BlackFideId "1325361"]
[WhiteElo "2122"]
[BlackElo "2182"]
[WhiteTitle "FM"]
[WhiteClock "0:00:23"]
[BlackClock "0:00:26"]
[Variant "Standard"]
[EndDate "2026.07.19"]
[EndTime "15:59:25"]

1. d4 Nf6 2. Nf3 e6 3. c4 d5 4. g3 c5 5. cxd5 cxd4 6. dxe6 Bxe6 7. Qxd4 Nc6 8. Qxd8+ Rxd8 9. a3 Bd5 10. Bg2 Nd4 11. Nxd4 Bxg2 12. Rg1 Bh3 13. Nf3 Be7 14. Nc3 h6 15. Bd2 O-O 16. O-O-O Bf5 17. Be3 b6 18. Nd4 Bd7 19. f3 Rfe8 20. Bf2 Rc8 21. Nc2 b5 22. e4 Bxa3 23. Nxa3 b4 24. Nab1 bxc3 25. Nxc3 a5 26. Bd4 Ba4 27. Rd2 Nh7 28. Kb1 Bb3 29. Rc1 Nf8 30. Ne2 Ne6 31. Rc3 a4 32. Nc1 Bc4 33. Be3 Bb5 34. Rxc8 Rxc8 35. Na2 Bc4 36. Nc3 Bb3 37. f4 Nc7 38. Rd4 Ra8 39. Rb4 Ne6 40. f5 Ng5 41. Bxg5 hxg5 42. Kc1 f6 43. Kd2 Kh7 44. Ke3 Kh6 45. g4 Kh7 46. Rb7 Kg8 47. Nb5 Rc8 48. Nd4 Bd1 49. Ne6 Bxg4 50. Rxg7+ Kh8 51. Rg6 Rc2 52. h3 Bd1 53. Rxf6 Rxb2 54. Rf8+ Kh7 55. Nxg5+ Kh6 56. Ne6 Kh7 57. f6 Bb3 58. f7 Bxe6 59. Rh8+ Kxh8 60. f8=Q+ 1-0

[Event "2026 Biel Blitz Open"]
[Site "Biel, CH"]
[Date "2026.07.19"]
[Round "12"]
[White "Stefan, Iulia-Cristiana"]
[Black "Amonatov, Farrukh"]
[Result "0-1"]
[Board "13"]
[TimeControl "180+2"]
[WhiteFideId "1273876"]
[BlackFideId "14700077"]
[WhiteElo "2050"]
[BlackElo "2585"]
[WhiteTitle "WFM"]
[BlackTitle "GM"]
[WhiteClock "0:00:07"]
[BlackClock "0:00:10"]
[Variant "Standard"]
[EndDate "2026.07.19"]
[EndTime "16:03:19"]

1. d4 Nf6 2. Nf3 g6 3. c4 Bg7 4. g3 O-O 5. Bg2 c5 6. Nc3 d6 7. O-O Nc6 8. dxc5 dxc5 9. Bf4 Qa5 10. Ne5 Nd4 11. Re1 Nh5 12. Rc1 Nxf4 13. gxf4 Be6 14. e3 Nf5 15. Qa4 Qc7 16. Nd3 Nh4 17. Nd5 Qd6 18. Bh1 b6 19. Qc2 Bg4 20. Ne5 Bxe5 21. fxe5 Qxe5 22. f4 Qd6 23. Qe4 Rae8 24. Qc2 Nf3+ 25. Bxf3 Bxf3 26. e4 Qd7 27. Qf2 Qg4+ 28. Qg3 Qxg3+ 29. hxg3 f5 30. e5 Kf7 31. Kf2 Be4 32. Rcd1 Rd8 33. Nc7 h6 34. Nb5 a6 35. Nc7 Bb7 36. e6+ Kf6 37. Nd5+ Bxd5 38. cxd5 Rd6 39. Rh1 h5 40. Rhe1 Rfd8 41. Re5 c4 42. Ke3 Rh8 43. Rh1 g5 44. fxg5+ Kxe5 0-1

[Event "2026 Biel Blitz Open"]
[Site "Biel, CH"]
[Date "2026.07.19"]
[Round "12"]
[White "Tureshbayev, Anuar"]
[Black "Huang,Hsuan-Chen"]
[Result "1-0"]
[Board "14"]
[TimeControl "180+2"]
[WhiteFideId "651081709"]
[BlackFideId "16303121"]
[WhiteElo "2328"]
[BlackElo "1833"]
[WhiteTitle "FM"]
[WhiteClock "0:00:12"]
[BlackClock "0:00:11"]
[Variant "Standard"]
[EndDate "2026.07.19"]
[EndTime "16:00:50"]

1. e4 c6 2. d4 d5 3. Nc3 dxe4 4. Nxe4 Nf6 5. Nxf6+ exf6 6. c3 Bd6 7. Bd3 Nd7 8. Ne2 Nf8 9. O-O Ng6 10. f4 Bd7 11. f5 Ne7 12. Bf4 Qc7 13. Qd2 O-O-O 14. Bxd6 Qxd6 15. Qf4 Qxf4 16. Nxf4 Bxf5 17. Bxf5+ Nxf5 18. Nh5 g6 19. Nxf6 Rd6 20. Ne4 Re6 21. Ng5 Re7 22. g4 f6 23. gxf5 fxg5 24. fxg6 hxg6 25. Rae1 Reh7 26. Re2 Kc7 27. Rf6 Rg8 28. Rg2 Rh5 29. Rf7+ Kb6 30. Re2 Rh4 31. Ree7 Rb8 32. Rf6 Rbh8 33. Rff7 Rb8 34. Kg2 a5 35. h3 g4 36. hxg4 Rxg4+ 37. Kf3 Rh4 38. Kg3 Rh5 39. Re5 Rxe5 40. dxe5 Kc5 41. Rd7 Re8 42. Kf4 Rf8+ 43. Ke4 Rf1 44. Rxb7 g5 45. e6 Kd6 46. e7 Re1+ 47. Kf5 Re5+ 48. Kg4 a4 49. Ra7 a3 50. b4 Re3 51. Kxg5 Rg3+ 52. Kf4 Rg8 53. Rxa3 Kxe7 54. Ra6 Kd6 55. b5 Rf8+ 56. Ke3 Kc5 57. bxc6 Re8+ 58. Kd3 Re7 59. a4 Re8 60. c7 Rc8 61. Ra5+ Kb6 62. Rb5+ Kc6 63. Rb4 Kc5 64. Rc4+ Kb6 65. Kc2 Ka5 66. Kb3 Kb6 67. Kb4 Ka6 68. a5 Kb7 69. Kb5 Ka7 70. Rc6 Kb7 71. c4 Ka7 72. c5 Kb7 73. Rb6+ Ka7 74. Kc6 Ka8 75. Rb8+ Ka7 76. Rxc8 Ka6 77. Ra8# 1-0

[Event "2026 Biel Blitz Open"]
[Site "Biel, CH"]
[Date "2026.07.19"]
[Round "12"]
[White "Coban, Ege"]
[Black "Omar, Noaman"]
[Result "0-1"]
[Board "15"]
[TimeControl "180+2"]
[WhiteFideId "26320304"]
[BlackFideId "9300244"]
[WhiteElo "1936"]
[BlackElo "2274"]
[BlackTitle "IM"]
[WhiteClock "0:00:51"]
[BlackClock "0:00:17"]
[Variant "Standard"]
[EndDate "2026.07.19"]
[EndTime "15:58:12"]

1. e4 c6 2. d4 d5 3. e5 Bf5 4. h4 h5 5. Bd3 Bxd3 6. Qxd3 e6 7. Bg5 Be7 8. Nf3 Nh6 9. Nbd2 Nf5 10. g3 c5 11. c3 Qb6 12. O-O cxd4 13. cxd4 Nc6 14. Bxe7 Ncxe7 15. Rfd1 Rc8 16. Nf1 O-O 17. b3 Rc6 18. Rac1 Rfc8 19. Rxc6 Qxc6 20. Kg2 Qc2 21. Qd2 Rc3 22. Ne3 Nxe3+ 23. fxe3 Qxd2+ 24. Rxd2 Nf5 25. Kf2 Nxe3 26. Ne1 Nf5 27. Nf3 f6 28. Re2 Kf7 29. Rd2 b5 30. a4 b4 31. Rb2 Ke7 32. Rb1 Kd7 33. Rb2 a5 34. Kg2 Rd3 35. Rc2 Nxd4 36. Nxd4 Rxd4 37. exf6 gxf6 38. Rc5 Rd2+ 39. Kf1 Rd3 40. Rxa5 Rxg3 41. Ra7+ Kd6 42. Rh7 Rxb3 43. Rxh5 Ra3 44. Rh6 b3 0-1

[Event "2026 Biel Blitz Open"]
[Site "Biel, CH"]
[Date "2026.07.19"]
[Round "12"]
[White "Fernandes Barbosa Dos Santos, Gabriel"]
[Black "Xu, Chang(CQ)"]
[Result "1-0"]
[Board "16"]
[TimeControl "180+2"]
[WhiteFideId "1354388"]
[BlackFideId "8641757"]
[WhiteElo "2167"]
[BlackElo "2049"]
[WhiteTitle "CM"]
[WhiteClock "0:00:10"]
[BlackClock "0:00:21"]
[Variant "Standard"]
[EndDate "2026.07.19"]
[EndTime "15:58:27"]

1. e4 c5 2. Nf3 d6 3. d4 cxd4 4. Nxd4 Nf6 5. Nc3 a6 6. Bg5 e6 7. Qe2 Be7 8. h4 Qc7 9. O-O-O Nbd7 10. Kb1 b5 11. Bxf6 Nxf6 12. Qe3 Bb7 13. Bd3 O-O 14. g4 Rac8 15. g5 Nd7 16. g6 hxg6 17. h5 g5 18. Rdg1 b4 19. Nce2 Qc5 20. Rh2 Rfe8 21. Rhg2 e5 22. Rxg5 Bf6 23. Rxg7+ Kf8 24. Nf5 Bxg7 25. Qg5 Re6 26. Qxg7+ Ke8 27. h6 b3 28. axb3 Nf8 29. h7 Nxh7 30. Qxh7 Rg6 31. Rxg6 fxg6 32. Qg8+ Kd7 33. Qf7+ Kc6 34. Ne7+ Kb6 35. Nxc8+ Bxc8 36. Qxg6 Kc7 37. Qf7+ Kb6 38. Nc3 Qxf2 39. Nd5+ Kc5 40. Qa7+ Kc6 41. Qxf2 1-0

[Event "2026 Biel Blitz Open"]
[Site "Biel, CH"]
[Date "2026.07.19"]
[Round "12"]
[White "Kelecevic, Nedeljko"]
[Black "Bajraktari, Perparim"]
[Result "1/2-1/2"]
[Board "17"]
[TimeControl "180+2"]
[WhiteFideId "14400537"]
[BlackFideId "1307711"]
[WhiteElo "2150"]
[BlackElo "2045"]
[WhiteTitle "IM"]
[WhiteClock "0:03:09"]
[BlackClock "0:03:03"]
[Variant "Standard"]
[EndDate "2026.07.19"]
[EndTime "15:52:02"]

1. d4 Nf6 2. c4 c5 3. d5 b5 4. cxb5 a6 5. bxa6 Bxa6 6. Nc3 g6 7. Nf3 Bg7 8. e4 Bxf1 9. Kxf1 d6 10. g3 Nbd7 11. h3 O-O 12. Kg2 Rb8 13. Re1 Ra8 14. Rh1 1/2-1/2

[Event "2026 Biel Blitz Open"]
[Site "Biel, CH"]
[Date "2026.07.19"]
[Round "12"]
[White "Nguyen Thi Mai Hung"]
[Black "Ragavan, Samarth Rajesh"]
[Result "1/2-1/2"]
[Board "18"]
[TimeControl "180+2"]
[WhiteFideId "12401676"]
[BlackFideId "39918106"]
[WhiteElo "2039"]
[BlackElo "2101"]
[WhiteTitle "WGM"]
[WhiteClock "0:00:07"]
[BlackClock "0:00:28"]
[Variant "Standard"]
[EndDate "2026.07.19"]
[EndTime "16:03:48"]

1. d4 Nf6 2. Nf3 e6 3. Bf4 d5 4. e3 c5 5. c3 Nc6 6. Nbd2 Nh5 7. Bg5 f6 8. Ng1 g6 9. Bh4 cxd4 10. cxd4 Ng7 11. g4 Be7 12. Bg3 Bd7 13. h3 Rc8 14. a3 Kf7 15. Ne2 Na5 16. Nc3 Bc6 17. Bg2 Nc4 18. Nxc4 dxc4 19. d5 exd5 20. Bxd5+ Bxd5 21. Qxd5+ Qxd5 22. Nxd5 Bc5 23. Ke2 Rhd8 24. Rhd1 Ne6 25. Bh4 g5 26. Bg3 b5 27. Nc3 a6 28. Ne4 Be7 29. Bd6 Rc6 30. Bxe7 Kxe7 31. Rxd8 Nxd8 32. Rd1 Nf7 33. Rd5 Ne5 34. Nxg5 Nd3 35. Ne4 Nxb2 36. Nc3 Nd3 37. Rh5 Ke6 38. Rxh7 Nc1+ 39. Kd2 Nb3+ 40. Kc2 Rd6 41. Ne4 Rd3 42. Rh6 Ke5 43. f3 Rxe3 44. Rxf6 Re2+ 45. Kc3 a5 46. Rf5+ Ke6 47. Rxb5 Re3+ 48. Kxc4 a4 49. Nc3 Nd2+ 50. Kd4 Rxf3 51. h4 Nb3+ 52. Kc4 Nd2+ 53. Kb4 Rf4+ 54. Ka5 Nb3+ 55. Ka6 Rxg4 56. h5 Kd6 57. Kb6 Nd2 58. Rb4 Rxb4+ 59. axb4 Ke5 60. Nxa4 Kf5 61. b5 Nc4+ 62. Kc5 Na5 63. Kb6 Nb3 64. Kc7 Na5 65. b6 Kg5 66. Nc5 Kxh5 67. Nb3 Nxb3 68. b7 Nc5 69. b8=Q Na6+ 70. Kb7 Nxb8 71. Kxb8 1/2-1/2

[Event "2026 Biel Blitz Open"]
[Site "Biel, CH"]
[Date "2026.07.19"]
[Round "12"]
[White "Kolly, Jacques"]
[Black "Clausen, Martin"]
[Result "0-1"]
[Board "19"]
[TimeControl "180+2"]
[WhiteFideId "1302183"]
[BlackFideId "1314882"]
[WhiteElo "2203"]
[BlackElo "1956"]
[WhiteTitle "FM"]
[WhiteClock "0:00:09"]
[BlackClock "0:00:54"]
[Variant "Standard"]
[EndDate "2026.07.19"]
[EndTime "16:05:05"]

1. d4 Nf6 2. c4 c5 3. d5 b5 4. e4 Nxe4 5. Qf3 Nd6 6. cxb5 a6 7. Nc3 axb5 8. Bxb5 Nxb5 9. Nxb5 Qa5+ 10. Nc3 g6 11. Nge2 Bg7 12. O-O O-O 13. Bg5 Re8 14. Rfe1 d6 15. Ng3 Qd8 16. a3 Nd7 17. Nge4 Ne5 18. Qd1 Ba6 19. f4 Nc4 20. Qc1 Rb8 21. Rb1 Qd7 22. h3 Rb7 23. Ng3 Bd4+ 24. Kh2 f6 25. Bh4 Reb8 26. f5 g5 27. Bxg5 fxg5 28. Qxg5+ Kh8 0-1